 Dungeon Crawl Stone Soup version 0.29.0-13-gc9e81de378 (webtiles) character file.

Game seed: 13327124726050790369

0 sentinel the Ducker (level 1, -1/11 HPs)
             Began as a Spriggan Abyssal Knight on Sept 9, 2022.
             Was a Believer of Lugonu.
             Constricted to death by a starspawn tentacle (2 damage)
             ... attached to a tentacled starspawn
             ... on level 1 of the Abyss.
             The game lasted 00:00:21 (191 turns).

sentinel the Ducker (Spriggan Abyssal Knight)        Turns: 191, Time: 00:00:21

Health: -1/11      AC:  2    Str:  9    XL:     1   Next: 0%
Magic:  2/3        EV: 14    Int: 11    God:    Lugonu [**....]
Gold:   0          SH:  0    Dex: 15    Spells: 0/0 levels left

rFire   . . .      SeeInvis +   a - +1 short sword
rCold   . . .      Faith    .   (no shield)
rNeg    . . .      Spirit   .   b - +0 robe
rPois   .          Reflect  .   (helmet restricted)
rElec   .          Harm     .   (no cloak)
rCorr   .          Rampage  .   (gloves unavailable)
Will    .....                   (boots unavailable)
Stlth   +.........              (no amulet)
HPRegen 0.03/turn               (no ring)
MPRegen 0.08/turn               (no ring)

@: constricted, very quick
A: very small, no large weapons, unfitting armour, see invisible, speed 3
a: Renounce Religion, Depart the Abyss, Bend Space


You were on level 1 of the Abyss.
You worshipped Lugonu.
Lugonu was pleased with you.
You visited 0 branches of the dungeon, and saw 0 of its levels.
You visited the Abyss 1 time.

Inventory:

Hand Weapons
 a - a +1 short sword (weapon)
Armour
 b - a +0 robe (worn)


   Skills:
 + Level 2.4 Fighting
 + Level 2.1 Short Blades
 + Level 3.2 Dodging
 + Level 1.7 Invocations


You couldn't memorise any spells.
You didn't know any spells.
Your spell library was empty.

Dungeon Overview and Level Annotations

Branches:
Dungeon (0/15)

Altars:


Innate Abilities, Weirdness & Mutations

You are very small and have problems with some larger weapons.
You are too small for most types of armour.
You have supernaturally acute eyesight. (SInv)
You cover ground extremely quickly. (Speed+++)


Message History

Welcome, sentinel the Spriggan Abyssal Knight.
They say the Orb of Zot lies within this dungeon, but they say a lot of things.
Lugonu says: Depart the Abyss and spread corruption, my servant! (use the ability menu to exit the Abyss) Press ? for a list of commands and other information.
Found a corrupted altar of Lugonu.
Found a gateway leading out of the Abyss.
Space bends violently around you!
You blink.
Space bends violently around you!
You blink.
Magic restored.
HP restored.
A chaos spawn comes into view.
But you're not safe!
A tentacled starspawn comes into view.
Found a gateway leading deeper into the Abyss.
Unknown command.
Tentacles burst from the starspawn's body! 2 starspawn tentacles come into view.
A tentacle flies out from the starspawn's body!
A starspawn tentacle comes into view.
A starspawn tentacle comes into view.
The starspawn tentacle misses you.
You hit the starspawn tentacle.
The starspawn tentacle is moderately damaged.
The starspawn tentacle grabs you. The starspawn tentacle constricts you.
Unknown command.
Unknown command.
Space bends violently around you!
You escape the starspawn tentacle's grasp.
You blink.
The starspawn tentacle grabs you. The starspawn tentacle constricts you.
Something loses its grip on you.
A starspawn tentacle comes into view.
There is a gateway leading deeper into the Abyss here.
The starspawn tentacle grabs you.
You stop descending the stairs.
The starspawn tentacle constricts you.
* * * LOW HITPOINT WARNING * * *
HP warning!
The starspawn tentacle's grasp on you weakens, but your attempt to escape fails.
The starspawn tentacle constricts you.
You die...

###. ..#.. # ## ### .#.
. .# #..##. ..## .# .#
##.# ..#.# #.. #. # ##
.#. ....#
#...#.#########....# ##
#.#.......##..# #.#...
#.......w...#.##.#..#..
##...#@#\#..#.#.#... .
##...#w#..#.....#..#.
######X.#.##........
###..#.....##..#. #.
.#..#.#.# .#
##.#.#.#...### #
#§#....#....#
.§#........ # .## . .#
#.. ..#


You could see a tentacled starspawn and 2 starspawn tentacles.

Vanquished Creatures (others)
  3 starspawn tentacles (Abyss:1)
3 creatures vanquished.

Notes
Turn   | Place    | Note
-------+----------+-------------------------------------------
     0 | Abyss:1  | sentinel the Spriggan Abyssal Knight began the quest for
                  | the Orb.
     0 | Abyss:1  | Reached XP level 1. HP: 11/11 MP: 3/3
   139 | Abyss:1  | Noticed a chaos spawn
   167 | Abyss:1  | Noticed a tentacled starspawn
   191 | Abyss:1  | Constricted to death by a starspawn tentacle

Illustrated notes

Levels and vault maps discovered:
Abyss:1:  base: Temple, base: Temple, hangedman_abyss_or_decor_stagger

Action                   || total
-------------------------++-------
Melee: Short sword       ||     1
Invok: Bend Space        ||     3
Dodge: Dodged            ||     1
